Description

An updated version of Zuka's PvX build, to fit this VOD, I take no credit for this other than uploading it for use on the overlay :-) Much love to Zuka for the strong work! 16 probes in main 14 probes in nat/no gas in natutal

ONLY 2 PROBES PER GAS, only 2 gas total

designed to move out around 515 and hit at the 6 MINUTE MARK

VOD

https://www.youtube.com/watch?v=Pz4tgRuHQIE&feature=emb_title

Build Order

Get SALT Encoding   

  12  0:02  Probe  
  13  0:12  Probe  
  14  0:17  Pylon  
  14  0:21  Probe  
  15  0:31  Probe (Chrono Boost)  
  16  0:38  Gateway  
  16  0:41  Probe  
  17  0:47  Assimilator  
  17  0:53  Probe  
  18  0:58  Assimilator  
  18  1:01  Probe  
  18  1:09  Probe  
  19  1:18  Gateway  
  20  1:20  Probe  
  20  1:28  Cybernetics Core  
  22  1:40  Pylon  
  23  2:05  Warp Gate  
  24  2:06  Stalker x2 (Chrono Boost)  
  26  2:23  Pylon  
  27  2:27  Stalker  
  27  2:28  Stalker  
  30  2:53  Nexus  
  31  3:01  Robotics Facility  
  32  3:20  Twilight Council  
  34  3:30  Pylon  
  35  3:59  Charge  
  40  4:03  Immortal (Chrono Boost)  
  46  4:25  Gateway  
  47  4:30  Gateway  
  48  4:43  Warp Prism (Chrono Boost)  
  48  4:48  Gateway x2  
  48  5:02  Gateway  
  48  5:06  Zealot x2  
  52  5:19  Observer  
  53  5:22  Zealot  
  53  5:26  Pylon  move out!
  55  5:29  Zealot x3  
  61  5:54  Zealot x4  
Spawning Tool Build Advisor. Get it on Overwolf

Analysis

-PvZ pylon/wall at front of Nat

-PvP Pylon at top of ramp

-PvT pylon at gas

Go to:

Details

  • Created by: Batistea
  • Published on: Dec 03, 2019
  • Modified on: Dec 08, 2019
  • Patch: 4.11.0
Show
View Real Time Build Order
Export as new Build Order

Comments (0)

There are no comments. Be the first!

Create an account to comment!